 Dungeon Crawl Stone Soup version 0.29.0-7-g18a832c13a (webtiles) character file.

Game seed: 7849699206450864770

354 Shayle the Ducker (level 6, -5/46 HPs)
             Began as a Djinni Warper on Aug 31, 2022.
             Was an Initiate of Makhleb.
             Killed from afar by a white imp (16 damage)
             ... with a puff of frost
             ... on level 5 of the Dungeon.
             The game lasted 00:10:36 (4642 turns).

Shayle the Ducker (Djinni Warper)                   Turns: 4642, Time: 00:10:37

Health: -5/46      AC:  5    Str: 15      XL:     6   Next: 94%
Gold:   264        EV: 13    Int: 14 (16) God:    Makhleb [......] SH:  5 Dex: 12 (13)

rFire   + + .      SeeInvis .   g - +10 lajatang of Topsofox {speed, Str+5}
rCold   x . .      Faith    .   (shield currently unavailable)
rNeg    . . .      Spirit   .   o - +1 robe "Hetolay" {Archmagi}
rPois   ∞          Reflect  +   (no helmet)
rElec   .          Harm     .   i - +0 cloak
rCorr   .          Rampage  .   e - +0 pair of gloves
Will    .....      Archmagi +   (boots unavailable)
Stlth   +.........              s - amulet of reflection
HPRegen 0.15/turn               (no ring)
MPRegen 0.00/turn               (no ring)

@: flying
A: sickness immunity, fire resistance 2, cold vulnerability 1, float, innate
caster, HP casting, extra vitality 1
a: Renounce Religion


You were on level 5 of the Dungeon.
You worshipped Makhleb.
Makhleb was noncommittal.
You visited 1 branch of the dungeon, and saw 5 of its levels.

You collected 264 gold pieces.

Inventory:

Hand Weapons
 f - a +0 spear
 g - the +10 lajatang of Topsofox (weapon) {speed, Str+5}
   (You acquired it on level 4 of the Dungeon)

   Attacks with this weapon are significantly faster.
   Str:       It affects your strength (+5).
 l - a +4 hand axe
 t - a +1 rapier of draining
Missiles
 c - 7 boomerangs of dispersal (quivered)
Armour
 a - a +0 leather armour
 e - a +0 pair of gloves (worn)
 i - a +0 cloak (worn)
 n - +0 shadow dragon scales
 o - the +1 robe "Hetolay" (worn) {Archmagi}
   (You found it on level 2 of the Dungeon)

   Archmagi:  It increases the power of your magical spells.
Jewellery
 s - an amulet of reflection (around neck)
 w - a ring of fire
Wands
 k - a wand of charming (12)
 r - a wand of polymorph (7)
Scrolls
 b - 4 scrolls of blinking
 d - 2 scrolls of noise
 m - 2 scrolls of poison
 q - 4 scrolls of identify
Potions
 h - 3 potions of attraction
 j - a potion of haste {unknown}
 p - a potion of brilliance
 u - a potion of might {unknown}


   Skills:
 + Level 3.2 Fighting
 + Level 0.8 Staves
 - Level 2.0 Throwing
 - Level 2.5 Armour
 + Level 3.5 Dodging
 - Level 2.9 Unarmed Combat
 + Level 3.2 Spellcasting
 * Level 0.9 Invocations


You couldn't memorise any spells.
You knew the following spells:

 Your Spells              Type           Power      Damage    Failure   Level
a - Blink                 Tloc           32%        N/A       9%          2
b - Lesser Beckoning      Tloc           16%        N/A       17%         3
c - Gell's Gravitas       Tloc           16%        N/A       17%         3
d - Teleport Other        Tloc           16%        N/A       17%         3
e - Manifold Assault      Tloc           16%        N/A       83%         5
f - Apportation           Tloc           32%        N/A       5%          1
g - Poisonous Vapours     Pois/Air       32%        N/A       9%          2
Your spell library was empty.

Dungeon Overview and Level Annotations

Branches:
Dungeon (5/15)
 Temple: D:4-7

Altars:
Ashenzari
Makhleb
Yredelemnul


Innate Abilities, Weirdness & Mutations

You are immune to sickness and miasma.
You are immune to poison.
Your flesh is very heat resistant. (rF++)
You are vulnerable to cold. (rC-)
You float through the air rather than walking.
You learn spells naturally, not from books.
Your magical power is your life essence.
You have superior vitality. (+4 MHP)


Message History

You slash the orc!
You kill the orc!
Makhleb accepts your kill.
Things that are here:
a +0 club; an orc corpse You slash the orc priest!
The orc priest is almost dead.
You hear an angry hiss.
A white imp comes into view.
The orc priest invokes the aid of Beogh against you.
Beogh smites you!
You slash the orc priest!
You kill the orc priest!
Makhleb accepts your kill.
An iguana comes into view.
You feel your dexterity returning.
You slash the iguana!
The iguana is severely wounded.
The iguana barely misses you.
You slash the iguana!
You kill the iguana!
Makhleb accepts your kill.
A shadow imp comes into view.
You slash the shadow imp!
You kill the shadow imp!
Makhleb accepts your kill. The white imp gestures at you.
The puff of frost hits you!
You feel a terrible chill! The white imp gestures at you.
The puff of frost hits you!
You feel a terrible chill!
* * * LOW HITPOINT WARNING * * *
Items here: ) [ ††.
You hit the white imp.
The white imp is moderately wounded.
The white imp closely misses you.
You barely miss the white imp.
The white imp is moderately wounded.
The white imp gestures at you. The puff of frost hits you!
You feel a terrible chill!
You die...

#... #... ...
#.. # .. .#
## ### #. #.#
#.#
.....#5#.#
#.#
.......@###.#
##...###)#.#
## ##.# #.#
#)# #.# #.#
#.# #.#


You could see a white imp.

Vanquished Creatures
  2 orc priests
  3 iguanas
  2 scorpion zombies (D:4)
  An orc wizard (D:4)
  A hound zombie (D:4)
  An adder (D:2)
  A shadow imp (D:5)
  An adder zombie (D:4)
  4 worms
  4 dart slugs
  4 orcs
  3 ball pythons
  8 endoplasms
  2 giant cockroaches (D:3)
  5 goblins
  13 hobgoblins
  3 jackals
  2 quokkas
  2 bats (D:2)
  9 frilled lizards
  12 kobolds
  8 rats
91 creatures vanquished.

Notes
Turn   | Place    | Note
-------+----------+-------------------------------------------
     0 | D:1      | Shayle the Djinni Warper began the quest for the Orb.
     0 | D:1      | Shayle set off with the following spells memorised: Blink,
                  | Lesser Beckoning, Gell's Gravitas, Teleport Other, Manifold
                  | Assault.
     0 | D:1      | Reached XP level 1. HP: 18/18 MP: 0/0
   210 | D:1      | Reached XP level 2. HP: 21/23 MP: 0/0
   277 | D:1      | Reached skill level 1 in Throwing
   512 | D:1      | Reached XP level 3. HP: 17/28 MP: 0/0
   512 | D:1      | Learned a level 1 spell: Apportation
  1187 | D:2      | Identified the +1 robe "Hetolay" {Archmagi}
  1383 | D:2      | Reached XP level 4. HP: 28/34 MP: 0/0
  3284 | D:4      | Reached XP level 5. HP: 35/39 MP: 0/0
  3284 | D:4      | Learned a level 2 spell: Poisonous Vapours
  3691 | D:4      | Reached XP level 6. HP: 45/45 MP: 0/0
  3808 | D:4      | Found a basalt altar of Yredelemnul.
  3930 | D:4      | Identified a scroll of acquirement
  3930 | D:4      | Acquired the +10 lajatang of Topsofox {speed, Str+5}
  3932 | D:4      | Found a large runed translucent door.
  3932 | D:4      | Found a large runed translucent door.
  4543 | D:4      | Found a burning altar of Makhleb.
  4559 | D:4      | Became a worshipper of Makhleb the Destroyer
  4564 | D:4      | Found a broken altar of Ashenzari.
  4598 | D:5      | Entered Level 5 of the Dungeon
  4642 | D:5      | Killed from afar by a white imp

Illustrated notes

Levels and vault maps discovered:
D:1:      ncdulo_halloftheorcs, layout_basic, serial_park_tiny_pond
D:2:      minmay_recursive_quarters, layout_basic
D:3:      layout_loops_cross, minmay_misc_feat_enclosed,
          dreamdust_princess_bridge
D:4:      layout_loops_ring, nicolae_yredelemnul_corpse_copse,
          jmf_multi_god_temple2, cheibrodos_sewer_entry_bend,
          chequers_serial_rivers_small_a
D:5:      layout_loops_ring

Skill      XL: |  1  2  3  4  5  6 |
---------------+-------------------+-----
Throwing       | 1 2 |  2.0
Armour         | 2 |  2.5
Dodging        | 3 |  3.5
Spellcasting   | 3 |  3.2
Fighting       | 3 |  3.2
Staves         | |  0.8
Unarmed Combat | |  2.9
Invocations    | |  0.9

Action                   |  1- 3 |  4- 6 || total
-------------------------+-------+-------++-------
Melee: Unarmed           |    13 |       ||    13
       Spear             |   125 |    83 ||   208
       Punch             |     1 |     4 ||     5
       Rapier            |       |    53 ||    53
       Hand axe          |       |    35 ||    35
       Lajatang          |       |    34 ||    34
  Use: Scroll            |     3 |     6 ||     9
       Potion            |       |     3 ||     3
 Stab: Sleeping          |       |     1 ||     1
Armor: Leather armour    |    27 |       ||    27
       Shadow dragon sca |    11 |       ||    11
       Robe              |     7 |    54 ||    61
Dodge: Dodged            |    69 |   105 ||   174
Block: Other             |       |    22 ||    22
